 Dungeon Crawl Stone Soup version 0.27-a0-3-gcf006a40f5 (webtiles) character file.

Game seed: 3857802201194354670

200 Mesmaeker13 the Grave Robber (level 5, -6/35 HPs)
             Began as a Mummy Necromancer on Jan 1, 2021.
             Mangled by a mummy (7 damage)
             ... in an ossuary.
             The game lasted 00:08:05 (4115 turns).

Mesmaeker13 the Grave Robber (Mummy Necromancer)    Turns: 4115, Time: 00:08:05

Health: -6/35      AC:  5    Str: 11    XL:     5   Next: 48%
Magic:  11/11      EV: 13    Int: 15    God:
Gold:   295        SH:  0    Dex: 13    Spells: 9/13 levels left

rFire    x . .     SeeInvis .   l - +0 long sword
rCold    + . .     Faith    .   (no shield)
rNeg     + + +     Spirit   .   a - +0 robe
rPois    ∞         Reflect  .   h - +0 helmet
rElec    .         Harm     .   j - +0 cloak
rCorr    +         Rampage  .   m - +0 pair of gloves (curse)
Will     .....                  (no boots)
Stlth    ++........             (no amulet)
HPRegen  0.11/turn              o - ring of resist corrosion
MPRegen  0.12/turn              (no ring)

@: no status effects
A: no potions, fire vulnerability, cold resistance 1, negative energy resistance
3, torment resistance, unbreathing
a: no special abilities


You were in an ossuary.
You visited 1 branch of the dungeon, and saw 4 of its levels.
You also visited: Ossuary.

You collected 295 gold pieces.

Inventory:

Hand Weapons
 d - a +0 dagger
 l - a +0 long sword (weapon)
Armour
 a - a +0 robe (worn)
 h - a +0 helmet (worn)
 j - a +0 cloak (worn)
 m - a cursed +0 pair of gloves (worn)
Jewellery
 o - a ring of resist corrosion (left hand)
Scrolls
 b - 3 scrolls of remove curse
 c - 2 scrolls of teleportation
 e - a scroll of fear {unknown}
 f - a scroll of blinking {unknown}
 g - a scroll of identify {unknown}
 i - a scroll of random uselessness {unknown}
 n - a scroll of magic mapping {unknown}


   Skills:
 + Level 3.0 Dodging
 - Level 1.5 Stealth
 + Level 4.6 Spellcasting
 + Level 5.1 Necromancy


You had 9 spell levels left.
You knew the following spells:

 Your Spells              Type           Power        Failure   Level
a - Pain                  Necr           72%          1%          1
b - Vampiric Draining     Necr           9%           6%          3

Your spell library contained the following spells:

 Spells                   Type           Power        Failure   Level
 Animate Skeleton         Necr           36%          1%          1
 Magic Dart               Conj           12%          17%         1
 Animate Dead             Necr           9%           21%         4
 Blink                    Tloc           N/A          26%         2
 Call Imp                 Summ           3%           26%         2
 Slow                     Hex            3%           26%         2
 Conjure Flame            Conj/Fire      3%           45%         3
 Mephitic Cloud           Conj/Pois/Air  3%           45%         3
 Agony                    Necr           18%          50%         5


Dungeon Overview and Level Annotations

Branches:
Dungeon (4/15)             Temple (0/1) D:4         Ossuary (1/1)

Altars:
Cheibriados
Elyvilon
Okawaru
Trog
Uskayaw


Innate Abilities, Weirdness & Mutations

You do not drink.
Your flesh is vulnerable to fire.
You are immune to poison.
Your flesh is cold resistant. (rC+)
You are immune to negative energy. (rN+++)
You are immune to unholy pain and torment.
You can survive without breathing.


Message History

There are monsters nearby!
You aren't carrying any items that you can evoke.
Unknown command.
Unknown command.
Unknown command.
You hit the mummy.
The mummy is lightly damaged.
Your mummy barely misses the mummy.
The mummy hits your mummy!
Your mummy is destroyed!
The mummy closely misses you.
You barely miss the mummy.
The mummy is lightly damaged.
You hit the mummy.
The mummy is moderately damaged.
The mummy hits you!
* * * LOW HITPOINT WARNING * * *
You hit the mummy but do no damage.
The mummy is moderately damaged.
The mummy hits you!
You die...

............Z
...........
#........
#......
#....# #....#
#....# #....#
#...@# #..MM#
#....# #....#
#.∩∩.# ######


You could see 2 mummies.

Vanquished Creatures
  2 worker ants (D:4)
  4 adders
  2 oozes
  3 worms
  4 dart slugs
  3 leopard geckos
  6 orcs
  2 ball pythons
  6 bats
  3 giant cockroaches
  2 gnoll zombies (Ossuary)
  7 hobgoblins
  2 jackals (D:3)
  9 frilled lizards
  9 goblins
  8 kobolds
  3 orc zombies (Ossuary)
  6 rats
81 creatures vanquished.

Vanquished Creatures (collateral kills)
  A gnoll zombie (Ossuary)
  A kobold zombie (Ossuary)
2 creatures vanquished.

Vanquished Creatures (others)
  2 mummies (Ossuary)
2 creatures vanquished.

Grand Total: 85 creatures vanquished

Notes
Turn   | Place    | Note
-------+----------+-------------------------------------------
     0 | D:1      | Mesmaeker13 the Mummy Necromancer began the quest for the
                  | Orb.
     0 | D:1      | Reached XP level 1. HP: 13/13 MP: 4/4
   272 | D:1      | Reached XP level 2. HP: 19/19 MP: 3/6
  1159 | D:1      | Reached XP level 3. HP: 24/24 MP: 4/7
  2147 | D:2      | Reached XP level 4. HP: 30/30 MP: 2/9
  2325 | D:2      | Found a white marble altar of Elyvilon.
  2774 | D:3      | Learned a level 3 spell: Vampiric Draining
  3380 | D:3      | Found an iron altar of Okawaru.
  3800 | D:4      | Found a staircase to the Ecumenical Temple.
  3802 | D:4      | Noticed a phantom
  3813 | D:4      | Found a hide-covered altar of Uskayaw.
  3816 | D:4      | Found a bloodstained altar of Trog.
  3817 | D:4      | Found a snail-covered altar of Cheibriados.
  3834 | D:4      | Reached XP level 5. HP: 32/35 MP: 4/11
  3902 | D:4      | Reached skill level 5 in Necromancy
  3948 | D:4      | Noticed an ogre
  3959 | D:4      | Found a sand-covered staircase.
  3968 | Ossuary  | Entered an ossuary
  4114 | Ossuary  | HP: 1/35 [mummy (13)]
  4115 | Ossuary  | Mangled by a mummy

Illustrated notes

Levels and vault maps discovered:
D:1:      mushboom_english_gardens, layout_rooms, st_stairs_12,
          chequers_serial_rivers_room_b
D:2:      minmay_spotlight, layout_basic, elyvilon_altar_4, minmay_quantized
D:3:      layout_loops_cross, minmay_statues_item, okawaru_gym_becter
D:4:      layout_basic, grunt_temple_overflow_open,
          gammafunk_temple_overflow_pools, minmay_temple_entry_ruins,
          nicolae_ossuary_entry_ruins, uniq_grinder
Ossuary:  ossuary_tomb_3

Skill      XL: |  1  2  3  4  5 |
---------------+----------------+-----
Spellcasting   | 3 4 |  4.6
Dodging        | 2 3 |  3.0
Necromancy     | 5 |  5.1
Stealth        | |  1.5

Action                   |  1- 3 |  4- 6 || total
-------------------------+-------+-------++-------
Melee: Unarmed           |     4 |       ||     4
       Dagger            |     5 |     4 ||     9
       Long sword        |       |    23 ||    23
 Cast: Pain              |    96 |    81 ||   177
Evoke: Wand              |       |     7 ||     7
  Use: Scroll            |     2 |       ||     2
Armor: Robe              |     7 |     6 ||    13
Dodge: Dodged            |    18 |    21 ||    39
       Rpst.: Long sword |       |     4 ||     4

Table legend: (Time is in decaauts)
 A = Elapsed time spent in this place.
 B = Non-inter-level travel time spent in this place.
 C = Inter-level travel time spent in this place.
 D = Time resting spent in this place.
 E = Time spent auto-exploring this place.
 F = Levels seen in this place.
 G = Mean time per level.
                   A        B        C        D        E       F      G
               +--------+--------+--------+--------+--------+-----+--------+
         Total |   4121 |   4014 |    107 |   1191 |   2118 |   5 |  824.2 |
       Dungeon |   3966 |   3859 |    107 |   1130 |   2118 |   4 |  991.5 |
       Ossuary |    155 |    155 |      0 |     61 |      0 |   1 |  155.0 |
               +--------+--------+--------+--------+--------+-----+--------+

Top non-repeatable levels by time:
     D:2: 1366 daAuts
     D:1: 1258 daAuts
     D:3: 1052 daAuts
     D:4: 289 daAuts
 Ossuary: 155 daAuts
